 Dungeon Crawl Stone Soup version 0.28.0-53-g5a82cb258f (webtiles) character file.

Game seed: 9866412221068012642

39 cbfl8 the Chopper (level 3, -3/33 HPs)
             Began as a Minotaur Berserker on Aug 1, 2022.
             Was a Follower of Trog.
             Killed from afar by Ijyb (34 damage)
             ... with a bolt of acid
             ... on level 2 of the Dungeon.
             The game lasted 00:00:43 (1501 turns).

cbfl8 the Chopper (Minotaur Berserker)              Turns: 1501, Time: 00:00:43

Health: -3/33      AC:  2    Str: 21    XL:     3   Next: 26%
Magic:  2/2        EV: 12    Int:  4    God:    Trog [*.....]
Gold:   62         SH:  0    Dex: 11    Spells: 2/2 levels left

rFire   . . .      SeeInvis .   a - +0 hand axe
rCold   . . .      Faith    .   (no shield)
rNeg    . . .      Spirit   .   b - +0 animal skin
rPois   .          Reflect  .   (helmet restricted)
rElec   .          Harm     .   (no cloak)
rCorr   .          Rampage  .   (no gloves)
Will    .....                   (no boots)
Stlth   +.........              (no amulet)
HPRegen 0.11/turn               (no ring)
MPRegen 0.08/turn               (no ring)

@: no status effects
A: horns 2, retaliatory headbutt
a: Renounce Religion, Berserk


You were on level 2 of the Dungeon.
You worshipped Trog.
Trog was aware of your devotion.
You visited 1 branch of the dungeon, and saw 2 of its levels.

You collected 62 gold pieces.

Inventory:

Hand Weapons
 a - a +0 hand axe (weapon)
Armour
 b - a +0 animal skin (worn)
Scrolls
 d - a scroll of immolation {unknown}
Potions
 c - a potion of flight {unknown}
 e - a potion of heal wounds {unknown}


   Skills:
 * Level 4.2 Fighting
 + Level 4.3 Axes
 + Level 2.6 Armour
 * Level 2.5 Dodging
 * Level 0.3 Evocations


You had 2 spell levels left.
You didn't know any spells.
Your spell library was empty.

Dungeon Overview and Level Annotations

Branches:
Dungeon (2/15)

Altars:

Annotations:
D:2 Ijyb


Innate Abilities, Weirdness & Mutations

You have a pair of horns on your head.
You reflexively headbutt those who attack you in melee.


Message History

2 goblins come into view.
Found 11 gold pieces.
The goblin shouts!
You hear a shout!
A goblin comes into view. It is wielding a +0 club.
There are monsters nearby!
A goblin and Ijyb come into view.
Ijyb is wielding a +0 dagger and carrying a wand of acid (12).
The goblin shouts!
Ijyb shouts!
The goblin moves out of view.
There are monsters nearby!
Found 14 gold pieces and a robe.
The goblin shouts!
The goblin closely misses you.
There are monsters nearby!
You hit the goblin.
You kill the goblin!
Trog accepts your kill.
You hit the goblin.
You kill the goblin!
Trog accepts your kill.
You hit the goblin. The goblin hits you with a +0 dagger.
Unknown command.
You slash the goblin!
You kill the goblin!
Trog accepts your kill.
You closely miss the goblin. The goblin barely misses you.
Unknown command.
You hit the goblin.
The goblin is heavily wounded.
You hit the goblin.
You kill the goblin!
Trog accepts your kill. The goblin hits you with a +0 dagger.
Unknown command.
You closely miss the goblin.
The goblin is heavily wounded.
You closely miss Ijyb. The goblin closely misses you.
Ijyb zaps a wand.
The bolt of acid hits you!!
Ouch! That really hurt!
You die...

......#
.......########
.......8.8.8.8.
.............
...........[
#+#####....[..$..
####.........g.....$
#.....###...@g......
###.....#.#...8g8.8.8.
......)..<#...########
........###.#.......
............#######.
......####### ......
...... .....


You could see Ijyb and 2 goblins.

Vanquished Creatures
  A gnoll (D:1)
  A dart slug (D:1)
  2 bats (D:1)
  An endoplasm (D:1)
  A giant cockroach (D:1)
  7 goblins
  2 hobgoblins (D:1)
  3 quokkas (D:1)
  A ball python (D:1)
  3 frilled lizards (D:1)
  2 rats (D:1)
24 creatures vanquished.

Notes
Turn   | Place    | Note
-------+----------+-------------------------------------------
     0 | D:1      | cbfl8 the Minotaur Berserker began the quest for the Orb.
     0 | D:1      | Reached XP level 1. HP: 19/19 MP: 0/0
   124 | D:1      | Reached XP level 2. HP: 10/27 MP: 1/1
  1179 | D:1      | Reached XP level 3. HP: 19/33 MP: 2/2
  1495 | D:2      | Noticed Ijyb
  1501 | D:2      | Killed from afar by Ijyb

Illustrated notes

Levels and vault maps discovered:
D:1:      ncdulo_watergridlock, layout_loops_corners
D:2:      kennysheep_the_goblin_king, layout_basic, serial_glass,
          glass_columns_b, glass_columns_b, item_on_display_a,
          due_unseen_surprise, minmay_strange_pillars,
          shapermc_ecumenical_altar_acropolis, basic_altar

Skill      XL: |  1 |
---------------+----+-----
Fighting       | 4 |  4.2
Axes           | 4 |  4.3
Armour         | |  2.6
Dodging        | |  2.5
Evocations     | |  0.3

Action                   || total
-------------------------++-------
Melee: Hand axe          ||    48
       Headbutt          ||     6
Armor: Animal skin       ||     7
Dodge: Dodged            ||    29
